 Dungeon Crawl Stone Soup version 0.25.0-46-gbd7b0854d2 (webtiles) character file.

Game seed: 14576108530561704727

1426 Delamore the Basher (level 8, -4/48 HPs)
             Began as a Gargoyle Fighter on July 12, 2020.
             Was a Believer of Okawaru.
             Slain by a sixfirhy (6 damage)
             ... summoned by a kobold demonologist
             ... on level 6 of the Dungeon.
             The game lasted 00:08:17 (6978 turns).

Delamore the Basher (Gargoyle Fighter)              Turns: 6978, Time: 00:08:17

Health: -4/48      AC: 13    Str: 21    XL:     8   Next: 72%
Magic:  8/8        EV:  7    Int: 10    God:    Okawaru [**....]
Gold:   349        SH:  9    Dex: 15    Spells: 7/7 levels left

rFire    . . .     SeeInvis .   a - +0 flail
rCold    + . .     Gourm    .   c - +0 kite shield
rNeg     + . .     Faith    .   g - +0 scale mail {rC+}
rPois    ∞         Spirit   .   (no helmet)
rElec    +         Reflect  .   (no cloak)
rCorr    +         Harm     .   (no gloves)
MR       .....                  y - +0 pair of boots
Stlth    ..........             (no amulet)
HPRegen  0.16/turn              x - +6 ring of dexterity
MPRegen  0.11/turn              e - ring of resist corrosion

@: no status effects
A: negative energy resistance 1, electricity resistance, unbreathing,
petrification resistance, rot immunity, AC +5
a: Heroism, Renounce Religion


You were on level 6 of the Dungeon.
You worshipped Okawaru.
Okawaru was pleased with you.
You were not hungry.

You visited 2 branches of the dungeon, and saw 9 of its levels.

You collected 349 gold pieces.

Inventory:

Hand Weapons
 a - a +0 flail (weapon)
 v - a +0 morningstar
Missiles
 m - 11 poisoned darts (quivered)
 z - 2 curare-tipped darts
Armour
 b - a +0 scale mail
 c - a +0 kite shield (worn)
 g - a +0 scale mail of cold resistance (worn)
 y - a +0 pair of boots (worn)
 A - a +0 chain mail
Jewellery
 e - a ring of resist corrosion (right hand)
 x - a +6 ring of dexterity (left hand)
Wands
 q - a wand of polymorph (3)
 u - a wand of flame (19)
Scrolls
 h - 2 scrolls of blinking {unknown}
 i - 3 scrolls of remove curse
 k - 2 scrolls of magic mapping {unknown}
 n - a scroll of random uselessness
 o - a scroll of immolation {unknown}
 s - 2 scrolls of amnesia
Potions
 j - 2 potions of degeneration {unknown}
 l - a potion of flight {unknown}
 p - a potion of mutation {unknown}
 r - 3 potions of heal wounds
 t - 2 potions of brilliance {unknown}
Comestibles
 f - 12 rations


   Skills:
 - Level 3.8 Fighting
 + Level 10.4 Maces & Flails
 - Level 3.2 Armour
 - Level 3.2 Shields


You had 7 spell levels left.
You didn't know any spells.
Your spell library was empty.

Dungeon Overview and Level Annotations

Branches:
Dungeon (8/15)             Temple (1/1) D:5
   Lair: D:8-11

Altars:
Elyvilon
Gozag
Nemelex Xobeh
Okawaru
Qazlal
Ru

Shops:
D:4 }[

Annotations:
D:3 2 runed translucent doors, Ethylacetat's ghost, amateur OpTm
D:6 1 transporter


Innate Abilities, Weirdness & Mutations

You are resistant to torment.
Your stone body is resilient. (AC +5)
You are immune to poison.
You resist negative energy. (rN+)
You are resistant to electric shocks. (rElec)
You can survive without breathing.
You are immune to petrification.
You are immune to rotting.


Message History

The sixfirhy hits you. The sixfirhy shocks you. You resist.
The kobold demonologist mumbles some strange words.
The hellwing hits you.
* * * LOW HITPOINT WARNING * * *
The hellwing hits you but does no damage.
The shadow imp shouts, "Quit, thou errant knotty-pated pot-faker!"
The sixfirhy hits you but does no damage.
You closely miss the sixfirhy.
The sixfirhy is lightly wounded.
The rust devil disappears in a puff of smoke!
The sixfirhy hits you but does no damage. x2
The sixfirhy hits you!
* * * LOW HITPOINT WARNING * * *
The sixfirhy shocks you. You resist.
* * * LOW HITPOINT WARNING * * *
You block the hellwing's attack.
The hellwing hits you but does no damage.
You block the sixfirhy's attack.
You miss the sixfirhy. The sixfirhy hits you.
You die...

#......##......#..............
...............'.............#
#..............###...........#
#.###.....####..######..<....#
#.#⌠#.....####..%#####........
<.###.........ooo....#######.
#..........#########.#
#..........#8P.©4P8#.#
##.######..#P...@.P#.# +....
.....####3####.# ##.##
##...#5≈§5b≈5#.# .....
#...#5≈§$5≈)#.# ...#
#...#o≈≈≈P≈)#.#
#####+##...#K≈≈⌠≈≈.#.#
.......#...#5≈≈4≈≈.#.#
##.........#.≈...≈.#.#
##.........#.≈...≈.#.#


You could see an orange demon (summoned), a hellwing (summoned), a kobold
demonologist, a sixfirhy (summoned), a fire bat, an orc wizard, a quasit
(summoned), 5 shadow imps and 2 orcs.

Vanquished Creatures
  A water moccasin (D:5)
  An ice beast (D:4)
  A sky beast (D:5)
  An ogre (D:3)
  A bullfrog (D:6)
  A scorpion (D:8)
  A crimson imp (D:5)
  A bullfrog zombie (D:6)
  A jelly (D:5)
  3 orc priests
  A centaur skeleton (D:7)
  5 orc wizards
  Jessica (D:3)
  Ijyb (D:4)
  3 iguanas
  7 worker ants
  A hound skeleton (D:5)
  A worker ant zombie (D:6)
  8 gnolls
  10 adders
  A shadow imp (D:6)
  2 oozes
  An adder skeleton (D:5)
  An adder zombie (D:8)
  4 worms
  3 dart slugs
  2 leopard geckos
  16 orcs
  5 ball pythons
  5 bats
  4 giant cockroaches
  6 goblins
  10 hobgoblins
  4 jackals (D:4)
  3 quokkas
  3 frilled lizards
  A jackal skeleton (D:5)
  4 kobolds
  2 leopard gecko skeletons
  A leopard gecko zombie (D:4)
  A quokka zombie (D:5)
  7 rats
136 creatures vanquished.

Notes
Turn   | Place    | Note
-------+----------+-------------------------------------------
     0 | D:1      | Delamore the Gargoyle Fighter began the quest for the Orb.
     0 | D:1      | Reached XP level 1. HP: 14/14 MP: 1/1
   134 | D:1      | Reached XP level 2. HP: 18/19 MP: 2/2
   516 | D:1      | Found an iron altar of Okawaru.
   522 | D:1      | Became a worshipper of Warmaster Okawaru
   653 | D:2      | Found an opulent altar of Gozag.
   816 | D:2      | Reached XP level 3. HP: 24/24 MP: 3/3
   818 | D:2      | Reached skill level 3 in Maces & Flails
  1259 | D:2      | Reached XP level 4. HP: 27/29 MP: 4/4
  1312 | D:2      | Reached skill level 4 in Maces & Flails
  1612 | D:3      | Noticed an ogre
  1636 | D:3      | Killed an ogre
  1636 | D:3      | Reached skill level 5 in Maces & Flails
  1636 | D:3      | Reached XP level 5. HP: 32/33 MP: 5/5
  1702 | D:3      | Reached * piety under Okawaru
  2002 | D:3      | Reached XP level 6. HP: 38/38 MP: 6/6
  2042 | D:3      | Reached skill level 6 in Maces & Flails
  2321 | D:3      | Found a runed translucent door.
  2427 | D:3      | Found a runed translucent door.
  2428 | D:3      | Noticed Ethylacetat's ghost (amateur OpTm)
  2489 | D:3      | Found a sparkling altar of Nemelex Xobeh.
  2711 | D:3      | Noticed Jessica
  2730 | D:3      | Killed Jessica
  2906 | D:4      | Found a sacrificial altar of Ru.
  3053 | D:4      | Found Ukkag's Antique Armour Emporium.
  3273 | D:4      | Found Gikipt's Gadget Boutique.
  3359 | D:4      | Noticed Ijyb
  3379 | D:4      | Killed Ijyb
  3729 | D:4      | Reached skill level 7 in Maces & Flails
  3729 | D:4      | Reached XP level 7. HP: 20/42 MP: 7/7
  4001 | D:5      | Entered Level 5 of the Dungeon
  4365 | D:4      | Reached skill level 8 in Maces & Flails
  4369 | D:4      | HP: 2/42 [orc wizard/puff of flame (5)]
  4806 | D:5      | Found a staircase to the Ecumenical Temple.
  4824 | D:5      | Reached ** piety under Okawaru
  5111 | D:5      | Reached XP level 8. HP: 48/48 MP: 8/8
  5332 | D:5      | You fall into a shaft and drop 3 floors!
  5336 | D:8      | Reached skill level 9 in Maces & Flails
  5779 | D:5      | Reached skill level 10 in Maces & Flails
  6117 | D:5      | Found a stormy altar of Qazlal.
  6300 | Temple   | Entered the Ecumenical Temple
  6492 | D:6      | Noticed a kobold demonologist
  6492 | D:6      | Noticed a kobold demonologist
  6495 | D:6      | Found a transporter.
  6518 | D:6      | Found a transporter.
  6752 | D:6      | Noticed a rust devil
  6773 | D:6      | HP: 2/48 [white imp[a kobold demonologist] (2)]
  6956 | D:6      | Noticed a rust devil
  6957 | D:6      | a kobold demonologist changed into a fire bat
  6965 | D:6      | Noticed a sixfirhy
  6974 | D:6      | Noticed a hellwing
  6977 | D:6      | Noticed an orange demon
  6977 | D:6      | HP: 2/48 [sixfirhy[a kobold demonologist] (3)]
  6978 | D:6      | Slain by a sixfirhy

Illustrated notes

Levels and vault maps discovered:
D:1:      dpeg_arrival_refuge, layout_loops_ring, chequers_garden,
          okawaru_ov_weapons_minmay
D:2:      minmay_skewed_foursquare, layout_loops_ring, lemuel_crystal_altar
D:3:      layout_rooms, lemuel_crystal_altar, ebering_ghost_sewer_f,
          uniq_jessica
D:4:      layout_basic, lemuel_doored_altar, serial_shops,
          nicolae_shop_waterfront, shop_statue, first_ration,
          minmay_misc_feat_encased, uniq_ijyb
D:5:      layout_basic, kennysheep_mini_moat, minmay_temple_entry_stoned_glass,
          serial_bayou_lake_a
D:6:      gammafunk_wand_slinger, layout_basic, minmay_strange_pillars,
          feat_on_display
D:7:      layout_gridville, vehumet_altar_wand_db
D:8:      layout_basic, serial_shops, shop, grunt_livestock, uniq_erica
Temple:   nicolae_temple_elliptical

Skill      XL: |  1  2  3  4  5  6  7  8 |
---------------+-------------------------+-----
Maces & Flails | 3 5 7 8 10 | 10.4
Fighting       | |  3.8
Armour         | |  3.2
Shields        | |  3.2

Action                   |  1- 3 |  4- 6 |  7- 9 || total
-------------------------+-------+-------+-------++-------
Melee: Flail             |   140 |   225 |   359 ||   724
       Unarmed           |       |     2 |       ||     2
Throw: Dart              |       |    18 |       ||    18
Evoke: Wand              |       |       |    16 ||    16
  Use: Scroll            |       |     5 |       ||     5
       Potion            |       |       |     2 ||     2
  Eat: Chunk             |     1 |     9 |     7 ||    17
       Ration            |       |       |     1 ||     1
Armor: Scale mail        |   117 |   122 |   180 ||   419
Dodge: Dodged            |    62 |    90 |    67 ||   219
Block: Kite shield       |    99 |   132 |   132 ||   363
